[ AOE2 MATCH · #463598361 ]
UnrankedAztecs vs Ethiopians
Player's team · LOSS
[ REPLAY ANALYSIS · EXTRACTED FROM THE RECORDED GAME ]
Feudal
8:29
Castle
—
Imperial
—
| APM avg | 37.3 |
| APM peak | 55 |
| eAPM avg | 21.9 |
| Villagers / military | 13 / 35 |
Focus
⚔️ 16.6% · 🌾 83.4%
Skirmisher ×19 · Eagle Scout ×13 · Militia ×2 · Spearman ×1
Feudal
—
Castle
—
Imperial
—
| APM avg | 41.3 |
| APM peak | 73 |
| eAPM avg | 14.3 |
| Villagers / military | 18 / 18 |
Focus
⚔️ 29.3% · 🌾 70.7%
Archer ×16 · Spearman ×2
Feudal
—
Castle
—
Imperial
—
| APM avg | 11.5 |
| APM peak | 22 |
| eAPM avg | 6.6 |
| Villagers / military | 5 / 22 |
Focus
⚔️ 52.5% · 🌾 47.5%
Archer ×10 · Spearman ×8 · Militia ×4
Match map
Initial resources + every placement click. Lines = walls · curves = elevation contours. ◆ gold · ⬟ stone · ● berries · ✦ relic · ◌ wall gap
Your base· Open — 10t gap
310458567's base· Open — 5t gap
偶尔很坏's base
Smoothed initial terrain · ◌ = detected wall gap · hover for details
Inputs per minute
— 171272653 - - 310458567
Build order — 171272653
68 actions detected in the replay
| 0:05 | Create | Villager (Male) |
| 0:05 | Create | Villager (Male) |
| 0:05 | Create | Villager (Male) |
| 0:42 | Build | House |
| 1:00 | Build | Farm |
| 1:03 | Create | Villager (Male) |
| 1:03 | Create | Villager (Male) |
| 1:04 | Create | Villager (Male) |
| 1:14 | Build | House |
| 1:26 | Create | Villager (Male) |
| 1:27 | Create | Villager (Male) |
| 1:33 | Build | Farm |
| 1:44 | Build | Archery Range |
| 1:46 | Create | Villager (Male) |
| 1:46 | Create | Villager (Male) |
| 1:47 | Create | Villager (Male) |
| 1:56 | Build | Farm |
| 2:22 | Build | Farm |
| 2:41 | Build | Mill |
| 2:47 | Build | Farm |
| 3:04 | Build | Palisade Gate |
| 3:18 | Build | Farm |
| 3:37 | Build | Farm |
| 3:42 | Build | House |
| 3:46 | Build | Barracks |
| 3:53 | Create | Spearman |
| 4:18 | Build | Farm |
| 4:22 | Create | Villager (Male) |
| 4:23 | Create | Villager (Male) |
| 4:53 | Build | Farm |
| 5:19 | Create | Skirmisher |
| 5:19 | Create | Skirmisher |
| 5:26 | Build | Farm |
| 5:29 | Create | Militia |
| 5:29 | Create | Militia |
| 5:38 | Create | Eagle Scout |
| 5:38 | Create | Eagle Scout |
| 5:46 | Create | Skirmisher |
| 5:46 | Create | Skirmisher |
| 5:49 | Research | Castle Age |
| 5:49 | Research | Castle Age |
| 5:52 | Create | Eagle Scout |
| 5:52 | Create | Eagle Scout |
| 6:25 | Create | Eagle Scout |
| 6:25 | Create | Eagle Scout |
| 6:52 | Create | Eagle Scout ×2 |
| 6:53 | Create | Eagle Scout ×2 |
| 7:14 | Create | Skirmisher |
| 7:14 | Create | Skirmisher |
| 7:14 | Create | Skirmisher |
| 7:14 | Create | Skirmisher |
| 7:31 | Create | Skirmisher |
| 7:37 | Build | Archery Range |
| 8:14 | Build | Mining Camp |
| 8:21 | Build | Farm |
| 8:21 | Build | Farm |
| 8:29 | Age | Feudal Age |
| 9:13 | Create | Skirmisher ×5 |
| 9:13 | Create | Skirmisher ×5 |
| 9:17 | Create | Eagle Scout |
| 9:17 | Create | Eagle Scout |
| 9:17 | Create | Eagle Scout |
| 9:32 | Build | Lumber Camp |
| 9:47 | Research | Double-Bit Axe |
| 10:07 | Build | House |
| 10:09 | Build | House |
| 10:24 | Build | Farm |
| 10:26 | Research | Wheelbarrow |
Build order — 310458567
73 actions detected in the replay
| 0:02 | Create | Villager (Male) |
| 0:03 | Create | Villager (Male) |
| 0:03 | Create | Villager (Male) |
| 0:08 | Create | Villager (Male) |
| 0:31 | Build | Farm |
| 0:45 | Research | Double-Bit Axe |
| 0:59 | Build | Farm |
| 1:10 | Build | House |
| 1:12 | Build | House |
| 1:19 | Build | Archery Range |
| 1:23 | Create | Villager (Male) |
| 1:31 | Build | Farm |
| 1:33 | Create | Villager (Male) |
| 2:05 | Build | Archery Range |
| 2:14 | Create | Villager (Male) |
| 2:20 | Create | Villager (Male) |
| 2:24 | Build | Farm |
| 2:29 | Build | Farm |
| 2:33 | Research | Padded Archer Armor |
| 2:34 | Research | Fletching |
| 2:36 | Create | Villager (Male) |
| 2:46 | Create | Archer |
| 2:46 | Create | Archer |
| 2:47 | Create | Archer |
| 2:47 | Create | Archer |
| 2:55 | Create | Spearman |
| 2:55 | Create | Spearman |
| 3:12 | Create | Villager (Male) |
| 3:16 | Build | House |
| 3:18 | Build | House |
| 3:20 | Build | House |
| 3:29 | Create | Villager (Male) |
| 3:35 | Create | Archer |
| 3:35 | Create | Archer |
| 3:35 | Create | Archer |
| 3:40 | Create | Villager (Male) |
| 3:56 | Create | Archer |
| 3:57 | Create | Archer |
| 4:37 | Create | Villager (Male) |
| 4:39 | Create | Villager (Male) |
| 4:49 | Build | Farm |
| 4:49 | Build | Farm |
| 4:50 | Build | Farm |
| 4:50 | Build | Farm |
| 4:54 | Build | House |
| 4:55 | Build | House |
| 4:56 | Build | House |
| 5:33 | Create | Archer |
| 5:33 | Create | Archer |
| 5:33 | Create | Archer |
| 5:33 | Create | Archer |
| 5:34 | Create | Archer |
| 5:50 | Create | Archer |
| 5:50 | Create | Archer |
| 6:24 | Create | Villager (Male) |
| 6:42 | Create | Villager (Male) |
| 8:41 | Research | Castle Age |
| 9:19 | Build | Stable |
| 9:29 | Build | Stable |
| 9:49 | Research | Horse Collar |
| 9:53 | Build | Farm |
| 9:53 | Build | Farm |
| 9:53 | Build | Farm |
| 9:54 | Build | Farm |
| 9:54 | Build | Farm |
| 9:54 | Build | Farm |
| 9:54 | Build | Farm |
| 9:54 | Build | Farm |
| 9:55 | Build | Farm |
| 10:00 | Build | Mill |
| 10:19 | Research | Wheelbarrow |
| 10:19 | Create | Villager (Male) |
| 10:19 | Create | Villager (Male) |
Build order — 偶尔很坏
49 actions detected in the replay
| 1:16 | Create | Spearman |
| 1:16 | Create | Spearman |
| 1:17 | Create | Spearman |
| 1:17 | Create | Spearman |
| 1:17 | Create | Spearman |
| 1:24 | Research | Scale Mail Armor |
| 1:26 | Research | Scale Barding Armor |
| 2:10 | Research | Horse Collar |
| 2:19 | Research | Forging |
| 2:40 | Create | Spearman |
| 3:02 | Build | Mill |
| 3:23 | Build | Archery Range |
| 3:30 | Create | Spearman |
| 3:31 | Create | Spearman |
| 4:05 | Create | Villager (Male) |
| 4:06 | Research | Wheelbarrow |
| 4:17 | Build | House |
| 4:18 | Build | House |
| 4:18 | Build | House |
| 4:19 | Build | House |
| 4:19 | Build | House |
| 4:20 | Build | House |
| 4:33 | Create | Archer |
| 4:34 | Create | Archer |
| 4:34 | Create | Archer |
| 4:34 | Create | Archer |
| 4:34 | Create | Archer |
| 4:35 | Create | Archer |
| 4:35 | Create | Archer |
| 4:35 | Create | Archer |
| 4:35 | Create | Archer |
| 4:35 | Create | Archer |
| 5:10 | Research | Padded Archer Armor |
| 6:13 | Build | Farm |
| 6:29 | Research | Fletching |
| 6:35 | Build | Farm |
| 6:39 | Build | Farm |
| 7:00 | Create | Militia |
| 7:00 | Create | Militia |
| 7:01 | Create | Militia |
| 7:01 | Create | Militia |
| 7:37 | Create | Villager (Male) |
| 7:38 | Create | Villager (Male) |
| 7:38 | Create | Villager (Male) |
| 7:38 | Create | Villager (Male) |
| 9:10 | Build | Farm |
| 9:13 | Build | Farm |
| 9:14 | Build | Farm |
| 9:16 | Build | Farm |
Match timeline
| 1:19 | 310458567 · first_building Archery Range |
| 1:44 | 171272653 · first_building Archery Range |
| 3:23 | 偶尔很坏 · first_building Archery Range |
| 3:46 | 171272653 · first_building Barracks |
| 8:29 | 171272653 · age_up feudal |
| 9:19 | 310458567 · first_building Stable |
| 10:54 | 171272653 · resign |
[ AI ANALYSIS · 1 CREDIT ]
What really happened in this match?
Wolo.gg analyzes every decision: build order, eco, micro, common mistakes by bracket. Personalized analysis on WhatsApp or Discord in 30 seconds.
Civ guide
Aztecs
Perfil
Jugador #20638858